 Dungeon Crawl Stone Soup version 0.28-a0-938-gbc3f381ebc (webtiles) character file.

Game seed: 2767295595142262889

23640 lunkers the Brawler (level 12, -8/127 HPs)
             Began as a Troll Cinder Acolyte on Nov 29, 2021.
             Was a High Priest of Ignis.
             Killed from afar by a bog body (24 damage)
             ... with a bolt of cold
             ... on level 2 of the Lair of Beasts.
             The game lasted 00:26:26 (11839 turns).

lunkers the Brawler (Troll Cinder Acolyte)         Turns: 11839, Time: 00:26:26

Health: -8/127     AC: 15    Str: 25    XL:     12   Next: 73%
Magic:  12/12      EV:  7    Int: 10    God:    Ignis [*****.]
Gold:   847        SH:  7    Dex:  9    Spells: 13/13 levels left

rFire   + . .      SeeInvis .     - Unarmed
rCold   . . .      Faith    .   E - +0 kite shield
rNeg    . . .      Spirit   .   w - +0 acid dragon scales
rPois   .          Reflect  .   (helmet restricted)
rElec   .          Harm     .   g - +2 cloak
rCorr   +          Rampage  .   (gloves unavailable)
Will    +....                   (boots unavailable)
Stlth   +.........              (no amulet)
HPRegen 1.11/turn               k - ring of willpower
MPRegen 0.13/turn               C - +4 ring of protection

@: no status effects
A: large, unfitting armour, claws 3, regeneration 1, shaggy fur 1, tough skin 1
a: Renounce Religion, Fiery Armour, Foxfire Swarm, Rising Flame


You were on level 2 of the Lair of Beasts.
You worshipped Ignis.
Ignis was extremely pleased with you.
You visited 2 branches of the dungeon, and saw 13 of its levels.
You also visited: Sewer and Ossuary.

You collected 896 gold pieces.
You spent 49 gold pieces at shops.

Inventory:

Missiles
 c - 303 stones (quivered)
 l - 14 boomerangs
 B - 2 large rocks
 G - 18 poisoned darts
 H - 5 curare-tipped darts
Armour
 g - a +2 cloak (worn)
 w - +0 acid dragon scales (worn)
 E - a +0 kite shield (worn)
Jewellery
 k - a ring of willpower (left claw)
 o - a +6 ring of dexterity
 C - a +4 ring of protection (right claw)
Wands
 a - a wand of acid (4)
 j - a wand of flame (80)
 v - a wand of iceblast (9)
 y - a wand of polymorph (3)
 D - a wand of mindburst (5)
 F - a wand of paralysis (5)
Scrolls
 e - 3 scrolls of teleportation
 n - 3 scrolls of amnesia
 s - 3 scrolls of enchant weapon
 t - 2 scrolls of magic mapping
 u - a scroll of fear
 I - a scroll of vulnerability
 J - 2 scrolls of identify
 K - a scroll of blinking
Potions
 b - a potion of cancellation
 d - a potion of attraction
 f - 9 potions of curing
 h - 2 potions of haste
 i - 4 potions of heal wounds
 m - 2 potions of brilliance
 p - 4 potions of ambrosia
 q - 3 potions of might
 r - a potion of berserk rage
 x - 2 potions of mutation
 z - a potion of flight
 A - a potion of resistance


   Skills:
 + Level 10.3 Fighting
 + Level 3.6 Shields
 * Level 16.7 Unarmed Combat
 - Level 1.0 Spellcasting
 - Level 2.1 Fire Magic
 * Level 4.2 Evocations


You had 13 spell levels left.
You didn't know any spells.
Your spell library contained the following spells:

 Spells                   Type           Power      Damage    Failure   Level
 Scorch                   Fire           8%         2d5       63%         2
 Animate Skeleton         Necr           0%         N/A       80%         1
 Beastly Appendage        Tmut           0%         N/A       80%         1
 Pain                     Necr           0%         1d4       80%         1
 Summon Small Mammal      Summ           0%         N/A       80%         1
 Blink                    Tloc           0%         N/A       90%         2
 Static Discharge         Conj/Air       0%         N/A       90%         2
 Wereblood                Tmut           0%         N/A       90%         2
 Dazzling Flash           Conj/Hex       0%         N/A       99%         3
 Gell's Gravitas          Tloc           0%         N/A       99%         3
 Spider Form              Tmut/Pois      0%         N/A       99%         3
 Teleport Other           Tloc           0%         N/A       99%         3
 Vampiric Draining        Necr           0%         2d6       99%         3
 Animate Dead             Necr           0%         N/A       100%        4
 Cause Fear               Hex            0%         N/A       100%        4
 Dispel Undead            Necr           0%         3d6       100%        4
 Olgreb's Toxic Radiance  Pois           0%         N/A       100%        4
 Sticky Flame             Conj/Fire      2%         2d3       100%        4
 Borgnjor's Vile Clutch   Necr/Erth      0%         N/A       100%        5
 Fireball                 Conj/Fire      1%         3d3       100%        5
 Iskenderun's Battlesphe  Conj           0%         2d6       100%        5
 Manifold Assault         Tloc           0%         N/A       100%        5
 Conjure Ball Lightning   Conj/Air       0%         3x3d6     100%        6
 Death Channel            Necr           0%         N/A       100%        6
 Dispersal                Tloc           0%         N/A       100%        6
 Haunt                    Necr/Summ      0%         N/A       100%        7
 Orb of Destruction       Conj           0%         N/A       100%        7
 Ozocubu's Refrigeration  Ice            0%         4d5       100%        7
 Storm Form               Tmut/Air       0%         N/A       100%        7
 Ignition                 Fire           2%         3d3       100%        8


Dungeon Overview and Level Annotations

Branches:
Dungeon (11/15)            Temple (0/1) D:6            Lair (2/6) D:8
  Swamp (0/4) Lair:2          Orc (0/2) D:10          Sewer (visited)
Ossuary (visited)
  Snake: Lair:2-4    Spider: Lair:2-4

Altars:
Dithmenos
Elyvilon
Fedhas
Gozag
Kikubaaqudgha
Makhleb
Ru
Sif Muna
Uskayaw
Vehumet
Xom
Yredelemnul
Zin

Shops:
D:3 (   D:6 *

Annotations:
D:5 1 transporter, Atlas's ghost, novice DjEE


Innate Abilities, Weirdness & Mutations

You are too large for most types of armour.
You have claws for hands.
Your natural rate of healing is unusually fast.
You are covered in fur. (AC +1)
You have tough skin. (AC +1)


Message History

As you read the scroll of identify, it crumbles to dust.
L - a potion of degeneration Drop what? 38/52 slots (_ for help) (? for menu, Esc to quit)
You drop a potion of degeneration.
A bog body comes into view.
A bog body is nearby!
A bog body is nearby!
Found a staircase to the Swamp.
A bog body comes into view.
The bog body gestures at you while chanting.
The bolt of cold hits you!!
You mangle the bog body!!
The bog body is heavily damaged.
The bog body touches you but does no damage.
The bog body casts a spell at you. You resist with almost no effort.
You eviscerate the bog body!!!
You destroy the bog body!
You throw a stone. The stone hits the bog body.
The bog body is lightly damaged.
You hear a splash.
The bog body gestures at you while chanting.
The bolt of cold hits you!!
You throw a stone. The stone closely misses the bog body.
The bog body gestures at you while chanting.
The bolt of cold hits you!!!
* * * LOW HITPOINT WARNING * * *
The bog body points at you and mumbles some strange words.
You resist with almost no effort.
You scratch the bog body but do no damage.
The bog body is lightly damaged.
The bog body touches you!
* * * LOW HITPOINT WARNING * * *
The bog body freezes you!!
* * * LOW HITPOINT WARNING * * *
You mangle the bog body!!
The bog body is almost destroyed.
The bog body points at you and mumbles some strange words.
The bolt of cold hits you!!
You die...

.. #........ ..
##......P. .# #......# #
.##########.....# ##.. .
.#...##.##......###..##.
..
...................§§...
..
..!†..............♣§§§..
..
..####P###.....†.♣§§§≈..
.. .## ###
##.....@n§§§≈(. .# .#
#..§...§§♣§≈.. # .#
#...§....≈≈♣ . .#
##............ .#
#.####....P#..
.#########..# ####### .
.#.##.#P..#.## #...## #
............P# #.... #
.##.#.......### ##...###
#


You could see a bog body.

Vanquished Creatures
  Snorg (D:11)
  3 hydras
  3 two-headed ogres
  A death knight (D:11)
  3 skeletal warriors (D:9)
  A bog body (Lair:2)
  A deep elf pyromancer (D:7)
  An orb spider (D:11)
  2 ugly things
  A black mamba (Lair:1)
  7 cane toads
  2 gargoyles
  Psyche (D:11)
  A komodo dragon (Lair:1)
  4 burning bushes (Lair:1)
  A queen bee (D:10)
  A troll (D:8)
  7 blink frogs
  6 yaks (D:8)
  2 wraiths
  A shadow (D:10)
  2 wyverns
  A spriggan (shapeshifter) (D:11)
  2 basilisks
  3 steam dragons
  2 acid dragons
  6 water moccasins
  2 sky beasts (D:7)
  6 orc warriors
  6 black bears
  Pargi (Sewer)
  3 necrophages
  An ogre (D:5)
  A phantom (D:7)
  3 centaurs
  3 elf zombies (Ossuary)
  A kobold brigand (D:11)
  6 bullfrogs
  A gnoll sergeant (D:10)
  2 scorpions
  27 killer bees
  3 wights (D:6)
  6 centaur zombies
  A jelly (D:4)
  7 hounds
  6 orc priests
  A centaur skeleton (D:7)
  2 human zombies (Ossuary)
  Crazy Yiuf (D:5)
  4 iguanas
  8 orc wizards
  2 mummies (Ossuary)
  2 howler monkey zombies
  13 adders
  9 gnolls
  A howler monkey skeleton (D:6)
  2 white imps
  An adder skeleton (D:5)
  7 worms
  2 dart slugs (D:1)
  41 orcs
  7 ball pythons
  11 endoplasms
  6 giant cockroaches
  5 goblins
  8 hobgoblins
  3 jackals (D:1)
  2 quokkas
  13 bats
  2 frilled lizards (D:1)
  10 hobgoblin zombies (Ossuary)
  A jackal zombie (Ossuary)
  17 kobolds
  10 kobold zombies (Ossuary)
  7 orc zombies (Ossuary)
  6 rats (D:2)
  2 rat zombies (Ossuary)
358 creatures vanquished.

Vanquished Creatures (others)
  2 fungi (Lair:2)
  4 plants (Lair:2)
6 creatures vanquished.

Grand Total: 364 creatures vanquished

Notes
Turn   | Place    | Note
-------+----------+-------------------------------------------
     0 | D:1      | lunkers the Troll Cinder Acolyte began the quest for the
                  | Orb.
     0 | D:1      | Reached XP level 1. HP: 22/22 MP: 1/1
   161 | D:1      | Reached XP level 2. HP: 29/29 MP: 2/2
   335 | D:1      | Found a faded altar of an unknown god.
   345 | D:1      | Reached XP level 3. HP: 36/36 MP: 3/3
   388 | D:1      | Got the Handbook of Supportive Beguiling
   552 | D:1      | Reached skill level 4 in Unarmed Combat
   887 | D:2      | Reached XP level 4. HP: 26/45 MP: 4/4
  1246 | D:2      | Identified the +1 dagger "Buoprish" {flame, rC- rN++ Int+2
                  | SInv}
  1472 | D:2      | Reached skill level 5 in Unarmed Combat
  1855 | D:3      | Found an ancient bone altar of Kikubaaqudgha.
  1856 | D:3      | Found a blossoming altar of Fedhas.
  2035 | D:3      | Reached XP level 5. HP: 53/53 MP: 5/5
  2104 | D:3      | Found a burning altar of Makhleb.
  2293 | D:3      | Found Duruar Qucw's Antique Weapon Boutique.
  2535 | D:4      | Noticed a black bear
  2538 | D:4      | Killed a black bear
  2539 | D:4      | Reached XP level 6. HP: 58/62 MP: 6/6
  2647 | D:4      | Found a shimmering blue altar of Sif Muna.
  2678 | D:4      | Reached skill level 6 in Unarmed Combat
  2806 | D:4      | Found a radiant altar of Vehumet.
  2838 | D:4      | Found a glowing silver altar of Zin.
  2891 | D:4      | Found a white marble altar of Elyvilon.
  2931 | D:4      | Found a glowing drain.
  2946 | Sewer    | Entered a sewer
  2977 | Sewer    | Noticed Pargi
  2985 | Sewer    | Killed Pargi
  3388 | D:5      | Entered Level 5 of the Dungeon
  3395 | D:5      | Reached XP level 7. HP: 47/70 MP: 7/7
  3464 | D:5      | Reached skill level 7 in Unarmed Combat
  3506 | D:5      | Found a transporter.
  3507 | D:5      | Noticed Atlas's ghost (novice DjEE)
  3871 | D:5      | Found a runed translucent door.
  3872 | D:5      | Noticed Crazy Yiuf
  3958 | D:5      | Found a shadowy altar of Dithmenos.
  4260 | D:5      | Killed Crazy Yiuf
  4337 | D:6      | Found a staircase to the Ecumenical Temple.
  4412 | D:6      | Reached skill level 8 in Unarmed Combat
  4465 | D:6      | Noticed a gargoyle
  4473 | D:6      | Killed a gargoyle
  4474 | D:6      | Reached skill level 5 in Fighting
  4474 | D:6      | Reached XP level 8. HP: 55/80 MP: 8/8
  4584 | D:6      | Identified the +10 whip of Lakyd {drain, Stlth+}
  4618 | D:6      | Reached skill level 9 in Unarmed Combat
  4899 | D:6      | Found Gydiorgh's Assorted Antiques.
  4918 | D:6      | Bought a scroll labelled ITAUZIE YPSAO for 26 gold pieces
  4918 | D:6      | Bought a bubbling black potion for 23 gold pieces
  5064 | D:6      | Noticed an eight-headed hydra
  5070 | D:6      | Killed an eight-headed hydra
  5071 | D:6      | Reached skill level 10 in Unarmed Combat
  5071 | D:6      | Reached XP level 9. HP: 92/92 MP: 9/9
  5340 | D:7      | Noticed a deep elf pyromancer
  5354 | D:7      | Reached skill level 11 in Unarmed Combat
  5468 | D:7      | Found an opulent altar of Gozag.
  5680 | D:7      | Found a sacrificial altar of Ru.
  5853 | D:7      | Killed a deep elf pyromancer
  5854 | D:7      | Reached skill level 12 in Unarmed Combat
  5898 | D:7      | Found a sand-covered staircase.
  5907 | Ossuary  | Entered an ossuary
  6023 | Ossuary  | Reached XP level 10. HP: 99/102 MP: 10/10
  6641 | D:8      | Found a staircase to the Lair.
  6891 | D:8      | Reached skill level 13 in Unarmed Combat
  7286 | D:8      | Found a shimmering altar of Xom.
  7702 | D:9      | Noticed a skeletal warrior
  7714 | D:9      | Killed a skeletal warrior
  7725 | D:9      | Noticed a skeletal warrior
  7726 | D:9      | Noticed a skeletal warrior
  7739 | D:9      | Killed a skeletal warrior
  7740 | D:9      | Reached skill level 14 in Unarmed Combat
  7745 | D:9      | Killed a skeletal warrior
  7746 | D:9      | Reached XP level 11. HP: 97/113 MP: 11/11
  7851 | D:9      | Noticed a two-headed ogre
  7863 | D:9      | Killed a two-headed ogre
  7990 | D:9      | Found a hide-covered altar of Uskayaw.
  8111 | D:9      | Noticed a brown ugly thing
  8122 | D:9      | Killed a brown ugly thing
  8265 | D:9      | Noticed a two-headed ogre
  8285 | D:9      | Killed a two-headed ogre
  8444 | D:10     | Entered Level 10 of the Dungeon
  8724 | D:10     | Reached skill level 15 in Unarmed Combat
  9185 | D:10     | Found a staircase to the Orcish Mines.
  9437 | D:10     | Found a basalt altar of Yredelemnul.
  9617 | D:11     | Noticed a purple ugly thing
  9631 | D:11     | Killed a purple ugly thing
  9738 | D:11     | Noticed a death knight
  9849 | D:11     | Reached skill level 1 in Shields
  9858 | D:11     | Identified the +7 leather armour of the Midnight Sun {rF+
                  | rN+}
  9870 | D:11     | Noticed a two-headed ogre
  9881 | D:11     | Killed a two-headed ogre
 10063 | D:11     | Killed a death knight
 10179 | D:11     | Noticed Snorg
 10192 | D:11     | Killed Snorg
 10193 | D:11     | Reached skill level 1 in Evocations
 10193 | D:11     | Reached XP level 12. HP: 25/126 MP: 12/12
 10364 | D:11     | Noticed Sonja
 10364 | D:11     | Noticed Psyche
 10366 | D:11     | Noticed Sonja
 10366 | D:11     | Sonja changed into Sonja the orb spider
 10371 | D:11     | Killed Sonja the orb spider
 10372 | D:11     | Killed Psyche
 10373 | D:11     | Reached skill level 16 in Unarmed Combat
 10591 | Lair:1   | Entered Level 1 of the Lair of Beasts
 10672 | Lair:1   | Reached skill level 10 in Fighting
 11565 | Lair:2   | Noticed a six-headed hydra
 11569 | Lair:2   | Killed a six-headed hydra
 11672 | Lair:2   | Noticed a five-headed hydra
 11683 | Lair:2   | Killed a five-headed hydra
 11829 | Lair:2   | Found a staircase to the Swamp.
 11839 | Lair:2   | Killed from afar by a bog body

Illustrated notes

Levels and vault maps discovered:
D:1:      minmay_arrival_arboretum_small, layout_basic,
          hellmonk_ecumenical_altar_zigzags, kennysheep_nondescript,
          st_stairs_1, minmay_pentomino_q4
D:2:      kb_forest_paths, layout_basic, minmay_vboxes
D:3:      layout_loops_ring, grunt_temple_overflow_growth_and_decay,
          bloody_makhleb, serial_shops, nicolae_shop_overgrown_old_shop
D:4:      layout_gridville, mainiacjoe_overflow_six_doors_small,
          general_overflow_altar, mainiacjoe_overflow_alcove_2,
          fiery_altar_vehumet, cheibrodos_sewer_entry_bend, chequers_arboretum
D:5:      layout_basic, mainiacjoe_overflow_tiny_flanked, gammafunk_ghost_smash,
          minmay_misc_feat_square, nicolae_figureground_sparkle,
          uniq_crazy_yiuf_cottage
D:6:      layout_basic, minmay_temple_entry_trees, serial_shops,
          nicolae_shop_overgrown_old_shop, nicolae_lava_and_water
D:7:      layout_basic, mainiacjoe_overflow_catwalk, grunt_gozag_statues,
          enter_ossuary_2
D:8:      layout_basic, lemuel_doored_altar, erik_lair_island,
          minmay_misc_feat_tiny
D:9:      layout_stronghold, nicolae_uskayaw_suspiria,
          minmay_fractal_squares_gapless_5
D:10:     layout_loops_ring, nicolae_overflow_crystal_walls, david_orc_4,
          minivault_7
D:11:     layout_small_grid, uniq_sonja, uniq_psyche, uniq_snorg
Lair:1:   layout_roguey, evilmike_ambush [evilmike_ambush_outer_pillars,
          evilmike_ambush_inner_cross]
Lair:2:   layout_chaotic_city, skrybe_swamp_entry_bodies

Skill      XL: |  1  2  3  4  5  6  7  8  9 10 11 12 |
---------------+-------------------------------------+-----
Unarmed Combat | 4 5 6 8 10 12 14 15 16 | 16.7
Fighting       | 3 4 5 6 7 8 9 10 | 10.3
Shields        | 2 3 |  3.6
Evocations     | 1 4 |  4.2
Spellcasting   | |  1.0
Fire Magic     | |  2.1

Action                   |  1- 3 |  4- 6 |  7- 9 | 10-12 || total
-------------------------+-------+-------+-------+-------++-------
Melee: Unarmed           |    90 |   185 |   237 |   532 ||  1044
       Punch             |       |       |    18 |    22 ||    40
Throw: Stone             |    17 |    46 |    20 |    56 ||   139
Evoke: Wand              |       |       |     6 |    28 ||    34
  Use: Scroll            |       |    12 |    10 |     6 ||    28
 Stab: Sleeping          |       |       |     1 |       ||     1
Armor: Robe              |    29 |    72 |    68 |       ||   169
       Acid dragon scale |       |       |    32 |   245 ||   277
Dodge: Dodged            |    33 |    80 |    92 |   173 ||   378
Block: Kite shield       |       |       |       |    53 ||    53

Table legend: (Time is in decaauts)
 A = Elapsed time spent in this place.
 B = Non-inter-level travel time spent in this place.
 C = Inter-level travel time spent in this place.
 D = Time resting spent in this place.
 E = Time spent auto-exploring this place.
 F = Levels seen in this place.
 G = Mean time per level.
                   A        B        C        D        E       F      G
               +--------+--------+--------+--------+--------+-----+--------+
         Total |  11691 |  11383 |    308 |    258 |   8467 |  15 |  779.4 |
       Dungeon |  10077 |   9791 |    286 |    140 |   7470 |  11 |  916.1 |
          Lair |   1239 |   1218 |     21 |    111 |    858 |   2 |  619.5 |
         Sewer |    128 |    128 |      0 |      0 |     61 |   1 |  128.0 |
       Ossuary |    246 |    246 |      0 |      7 |     78 |   1 |  246.0 |
               +--------+--------+--------+--------+--------+-----+--------+

Top non-repeatable levels by time:
    D:10: 1117 daAuts
     D:8: 1084 daAuts
     D:2: 1046 daAuts
    D:11: 945 daAuts
     D:5: 942 daAuts
     D:6: 934 daAuts
     D:9: 917 daAuts
     D:7: 886 daAuts
  Lair:1: 811 daAuts
     D:3: 798 daAuts
     D:1: 735 daAuts
     D:4: 668 daAuts
  Lair:2: 428 daAuts
 Ossuary: 246 daAuts
   Sewer: 128 daAuts
